Map: World of Sleepers LE

Players

Dear - Winner!

  • Race: Protoss Protoss
  • Spawn Location: 1:00

Has

  • Race: Protoss Protoss
  • Spawn Location: 7:00

Event: IEM Katowice 2020

VOD

Have the link to the VOD?

Description

Time

  • Played on: Feb. 27, 2020, 5:23 a.m.
  • Length: 8:31

All games in this series

Show
View Real Time Build Order
Export as new Build Order

Dear Protoss - Winner!

Build Orders:  

Get SALT Encoding   

  12  0:00  Probe  
  13  0:12  Probe  
  14  0:17  Pylon  
  14  0:25  Probe (Chrono Boost)  
  15  0:37  Probe (Chrono Boost), Gateway  
  16  0:44  Probe (Chrono Boost)  
  16  0:45  Assimilator  
  17  0:51  Probe  
  17  0:54  Assimilator  
  18  1:03  Probe (Chrono Boost)  
  19  1:07  Gateway  
  19  1:12  Probe (Chrono Boost)  
  19  1:17  Probe (Chrono Boost)  
  20  1:23  Cybernetics Core  
  21  1:29  Probe  
  22  1:34  Pylon  
  22  1:41  Probe  
  23  1:54  Probe  
  24  1:59  Warp Gate  
  24  2:00  Sentry, Stalker  
  28  2:10  Pylon  
  28  2:26  Stalker  
  30  2:30  Stalker  
  31  2:45  Nexus  
  31  2:54  Stargate  
  31  3:01  Shield Battery  
  31  3:03  Probe  
  32  3:15  Probe  
  32  3:16  Pylon  
  33  3:28  Probe  
  34  3:34  Shield Battery  
  34  3:36  Void Ray (Chrono Boost)  
  38  3:42  Shield Battery  
  38  3:43  Pylon  
  38  3:59  Robotics Facility  
  38  4:01  Shield Battery  
  38  4:02  Pylon  
  38  4:17  Void Ray (Chrono Boost)  
  38  4:18  Gateway  
  38  4:23  Adept x2  
  46  4:29  Pylon  
  46  4:42  Gateway  
  46  4:53  Void Ray  
  50  5:04  Immortal (Chrono Boost)  
  54  5:12  Pylon  
  54  5:25  Pylon  
  54  5:39  Nexus  
  54  5:40  Observer (Chrono Boost)  
  55  5:43  Sentry  
  57  5:50  Sentry  
  57  5:51  Probe  
  60  6:05  Pylon  
  60  6:06  Immortal (Chrono Boost)  
  64  6:23  Shield Battery  
  64  6:25  Shield Battery  
  64  6:28  Adept x2  
  68  6:38  Immortal (Chrono Boost)  
  72  6:51  Probe  
  72  6:52  Probe  
  74  6:59  Sentry  
  76  7:03  Probe  
  76  7:04  Probe  
  76  7:08  Warp Prism (Chrono Boost)  
  72  7:25  Stalker x2  
  72  7:27  Stalker  
  74  7:33  Probe x2  
  76  7:51  Stalker x3  
  82  8:00  Probe x2  
  75  8:22  Stalker x3  
Show
View Real Time Build Order
Export as new Build Order

Has Protoss 

Build Orders: Mass Adepts 

Get SALT Encoding   

  12  0:00  Probe  
  13  0:13  Probe  
  14  0:17  Pylon  
  14  0:25  Probe  
  15  0:35  Gateway  
  15  0:37  Probe (Chrono Boost)  
  15  0:42  Assimilator  
  16  0:47  Probe (Chrono Boost)  
  17  0:51  Assimilator  
  17  0:52  Probe  
  18  1:05  Probe (Chrono Boost)  
  18  1:09  Gateway  
  19  1:14  Probe (Chrono Boost)  
  20  1:22  Cybernetics Core  
  20  1:23  Probe  
  21  1:35  Probe  
  21  1:39  Pylon  
  22  1:46  Pylon  
  23  1:59  Warp Gate, Adept x2  
  26  2:02  Probe  
  27  2:17  Robotics Facility  
  26  2:30  Adept x2  
  30  2:50  Probe  
  31  3:00  Adept x2  
  31  3:01  Immortal (Chrono Boost)  
  39  3:10  Pylon  
  37  3:30  Immortal (Chrono Boost)  
  41  3:39  Pylon  
  42  4:02  Warp Prism (Chrono Boost)  
  43  4:07  Adept x2  
  47  4:20  Shield Battery  
  47  4:24  Pylon  
  47  4:28  Adept  
  47  4:30  Adept  
  51  4:56  Stargate  
  53  5:02  Stalker x2  
  51  5:22  Probe  
  51  5:23  Pylon  
  50  5:36  Probe  
  50  5:38  Phoenix (Chrono Boost)  
  50  5:42  Pylon  
  53  5:49  Sentry  
  55  5:50  Sentry  
  55  5:56  Phoenix  
  57  6:00  Pylon  
  57  6:03  Probe  
  60  6:17  Nexus  
  50  6:24  Phoenix (Chrono Boost)  
  53  6:38  Shield Battery  
  52  6:40  Phoenix  
  55  6:51  Adept, Sentry  
  55  6:52  Probe  
  59  7:05  Phoenix (Chrono Boost)  
  59  7:07  Probe  
  59  7:28  Phoenix (Chrono Boost)  
  61  7:33  Probe  
  61  7:34  Probe  
  62  7:42  Robotics Facility  
  62  7:45  Probe  
  62  7:46  Probe  
  64  7:58  Probe  
  65  7:59  Probe  
  66  8:06  Shield Battery  
  66  8:09  Shield Battery  
  66  8:10  Shield Battery  
  56  8:21  Sentry x2  

Tags
 
Add a new tag
Caveats
  • Supply blocks, unpowered buildings, or Contaminate may cause inaccurate times.
  • Supply counts are checked every 10 seconds.